 Dungeon Crawl Stone Soup version 0.27-a0-74-gebd156f8b4 (webtiles) character file.

Game seed: 7658583048260829384

2300 Bananer the Geomancer (level 9, -1/49 HPs)
             Began as a Gargoyle Earth Elementalist on Jan 11, 2021.
             Was a Believer of Vehumet.
             Slain by a sixfirhy (10 damage)
             ... summoned by an orc high priest
             ... in a bailey.
             The game lasted 00:19:25 (6341 turns).

Bananer the Geomancer (Gargoyle Earth Elementalist) Turns: 6341, Time: 00:19:27

Health: -1/49      AC: 19    Str: 12    XL:     9   Next: 40%
Magic:  17/17      EV: 12    Int: 19    God:    Vehumet [**....]
Gold:   259        SH:  0    Dex: 10    Spells: 10/19 levels left

rFire    . . .     SeeInvis .   d - +0 flail
rCold    + . .     Faith    .   (no shield)
rNeg     + . .     Spirit   .   s - +2 robe {rC+}
rPois    ∞         Reflect  .   h - +1 helmet of Eternal Vigilance {rCorr}
rElec    +         Harm     .   o - +2 cloak
rCorr    +         Rampage  .   (no gloves)
Will     .....                  (no boots)
Stlth    ++........             (no amulet)
HPRegen  0.16/turn              f - +4 ring of protection
MPRegen  0.15/turn              (no ring)

@: no status effects
A: negative energy resistance 1, electricity resistance, unbreathing,
petrification resistance, miasma immunity, AC +6
a: Renounce Religion


You were in a bailey.
You worshipped Vehumet.
Vehumet was pleased with you.
You visited 1 branch of the dungeon, and saw 6 of its levels.
You also visited: Bailey.

You collected 259 gold pieces.

Inventory:

Hand Weapons
 a - a +0 short sword
 d - a +0 flail (weapon)
 p - a +2 quarterstaff of chaos
Missiles
 b - 111 stones
Armour
 h - the +1 helmet of Eternal Vigilance (worn) {rCorr}
   (You took it off Robin on level 2 of the Dungeon)

   It provides partial protection from all sources of acid and corrosion.
 o - a +2 cloak (worn)
 s - a +2 robe of cold resistance (worn)
 u - a +0 leather armour of poison resistance
 w - a +2 hat
Magical Staves
 k - an uncursed staff of fire
Jewellery
 f - a +4 ring of protection (left hand)
 t - a cursed amulet of inaccuracy {unknown}
Wands
 c - a wand of digging (4)
 e - a wand of random effects (19)
 r - a wand of paralysis (10)
Scrolls
 m - a scroll of remove curse
 n - a scroll of fog
 v - a scroll of fear
Potions
 g - a potion of heal wounds
 i - 3 potions of curing
 j - a potion of brilliance {unknown}
 l - 2 potions of cancellation
 q - a potion of flight {unknown}


   Skills:
 + Level 2.9 Fighting
 + Level 2.9 Maces & Flails
 + Level 3.0 Armour
 + Level 3.0 Dodging
 - Level 2.1 Stealth
 + Level 5.7 Spellcasting
 + Level 5.9 Conjurations
 - Level 0.7 Transmutations
 + Level 8.0 Earth Magic
 + Level 2.4 Evocations


You had 10 spell levels left.
You knew the following spells:

 Your Spells              Type           Power        Failure   Level
a - Sandblast             Erth           72%          1%          1
b - Stone Arrow           Conj/Erth      64%          1%          3
c - Lee's Rapid Deconstr  Erth           18%          12%         5

Your spell library contained the following spells:

 Spells                   Type           Power        Failure   Level
 Foxfire                  Conj/Fire      64%          3%          1
 Passwall                 Tmut/Erth      18%          2%          2
 Petrify                  Tmut/Erth      22%          19%         4


Dungeon Overview and Level Annotations

Branches:
Dungeon (7/15)             Bailey (1/1)
 Temple: D:4-7

Altars:
Nemelex Xobeh
Uskayaw
Vehumet
Xom


Innate Abilities, Weirdness & Mutations

You are resistant to torment.
Your stone body is resilient. (AC +6)
You are immune to poison.
You resist negative energy. (rN+)
You are resistant to electric shocks. (rElec)
You can survive without breathing.
You are immune to petrification.
You are immune to miasma.


Message History

Okay, then.
You close the gate.
A sixfirhy opens the gate.
You close the gate.
A sixfirhy opens the gate.
The sixfirhy hits you but does no damage.
The orc high priest shouts, "You must be punished!"
The sixfirhy hits you. The sixfirhy shocks you. You resist.
The sixfirhy hits you! The sixfirhy shocks you. You resist.
The sixfirhy hits you. The sixfirhy shocks you. You resist.
The sixfirhy closely misses you.
The sixfirhy hits you but does no damage. x2
Things that are here:
a +0 hand axe; a +0 leather armour; a goblin corpse The sixfirhy hits you.
The sixfirhy shocks you. You resist. The sixfirhy hits you.
* * * LOW HITPOINT WARNING * * *
The sixfirhy shocks you. You resist.
* * * LOW HITPOINT WARNING * * *
The sixfirhy hits you!
You die...

#≈≈≈≈≈# #.. #≈≈≈≈≈#
#.8 #≈≈≈≈≈######..
#≈≈≈≈≈≈.#..3..
######.≈≈≈≈≈.#.....
#......≈≈≈≈≈.#''###
###......≈≈≈≈≈[#.....
#.............['†....
#∩..@3..o.3...)'[.⌠..
#.............[')....
###......≈≈≈≈≈.#)....
#......≈≈≈≈≈.#''###
######.≈≈≈≈≈.#....5
#≈≈≈≈≈≈.#....)
#≈≈≈≈≈######..
#≈≈≈≈≈# #.8 #≈≈≈≈≈#
#..


You could see a soul eater (summoned), an orc high priest and a sixfirhy
(summoned).

Vanquished Creatures
  A kobold demonologist (Bailey)
  A water moccasin (D:7)
  Duvessa (D:4)
  3 orc warriors
  3 ogres
  A centaur (D:7)
  3 bullfrogs (D:7)
  Dowan (D:4)
  A scorpion (D:7)
  3 wights (D:7)
  A howler monkey (D:4)
  A jelly (D:5)
  Crazy Yiuf (D:2)
  2 orc priests
  5 orc wizards
  An iguana (D:5)
  Ijyb (D:5)
  Natasha (twice) (D:2)
  4 worker ants
  A hound skeleton (D:5)
  Robin (D:2)
  A worker ant zombie (D:5)
  4 gnolls
  7 adders
  A white imp (D:5)
  5 oozes
  2 worms
  2 dart slugs
  4 leopard geckos
  22 orcs
  5 ball pythons
  14 bats
  6 giant cockroaches
  15 goblins
  16 hobgoblins
  8 jackals
  2 quokkas
  14 frilled lizards
  5 kobolds
  A quokka skeleton (D:5)
  10 rats
182 creatures vanquished.

Vanquished Creatures (others)
  5 plants (D:3)
5 creatures vanquished.

Grand Total: 187 creatures vanquished

Notes
Turn   | Place    | Note
-------+----------+-------------------------------------------
     0 | D:1      | Bananer the Gargoyle Earth Elementalist began the quest for
                  | the Orb.
     0 | D:1      | Reached XP level 1. HP: 10/10 MP: 3/3
   382 | D:1      | Reached XP level 2. HP: 15/15 MP: 5/5
   424 | D:1      | Reached skill level 4 in Earth Magic
   976 | D:1      | Reached XP level 3. HP: 19/19 MP: 3/6
   995 | D:1      | Learned a level 3 spell: Stone Arrow
  1503 | D:2      | Identified the +1 helmet of Eternal Vigilance {rCorr}
  1503 | D:2      | Noticed Robin
  1585 | D:2      | Killed Robin
  1586 | D:2      | Reached skill level 1 in Conjurations
  1587 | D:2      | Reached XP level 4. HP: 23/24 MP: 3/8
  1655 | D:2      | Noticed Natasha
  1665 | D:2      | Killed Natasha
  2042 | D:2      | Noticed Natasha
  2046 | D:2      | Killed Natasha
  2047 | D:2      | Reached skill level 5 in Earth Magic
  2095 | D:2      | Reached XP level 5. HP: 28/28 MP: 5/9
  2173 | D:2      | Learned a level 5 spell: Lee's Rapid Deconstruction
  2458 | D:2      | Found a runed translucent door.
  2459 | D:2      | Noticed Crazy Yiuf
  2801 | D:2      | Killed Crazy Yiuf
  2908 | D:3      | Reached XP level 6. HP: 32/32 MP: 11/11
  3715 | D:3      | Found a radiant altar of Vehumet.
  3716 | D:3      | Found a sparkling altar of Nemelex Xobeh.
  3716 | D:3      | Found a hide-covered altar of Uskayaw.
  3717 | D:3      | Found a shimmering altar of Xom.
  3731 | D:3      | Reached skill level 6 in Earth Magic
  3738 | D:3      | Became a worshipper of Vehumet
  4068 | D:4      | Noticed Duvessa
  4068 | D:4      | Noticed Dowan
  4189 | D:4      | Reached XP level 7. HP: 36/36 MP: 10/13
  4478 | D:4      | Killed Duvessa
  4479 | D:4      | Reached * piety under Vehumet
  4479 | D:4      | Offered knowledge of Magic Dart by Vehumet.
  4489 | D:4      | Killed Dowan
  4490 | D:4      | Reached skill level 7 in Earth Magic
  4744 | D:4      | Reached skill level 5 in Spellcasting
  5150 | D:5      | Entered Level 5 of the Dungeon
  5197 | D:5      | Noticed Ijyb
  5215 | D:5      | Killed Ijyb
  5261 | D:5      | Reached XP level 8. HP: 41/41 MP: 12/15
  5312 | D:5      | Reached skill level 1 in Armour
  5312 | D:5      | Reached skill level 5 in Conjurations
  5412 | D:5      | Reached skill level 1 in Fighting
  5482 | D:5      | You fall into a shaft and drop 2 floors!
  5542 | D:7      | Reached skill level 1 in Maces & Flails
  5542 | D:7      | Reached skill level 1 in Evocations
  5629 | D:7      | Reached XP level 9. HP: 37/48 MP: 9/17
  5646 | D:7      | Reached ** piety under Vehumet
  5701 | D:7      | Offered knowledge of Foxfire by Vehumet.
  5781 | D:7      | Found a flagged portal.
  5805 | Bailey   | Entered a bailey
  6133 | Bailey   | Found an iron altar of Okawaru.
  6133 | Bailey   | Noticed a kobold demonologist
  6133 | Bailey   | Noticed an orc high priest
  6176 | Bailey   | Killed a kobold demonologist
  6177 | Bailey   | Reached skill level 8 in Earth Magic
  6330 | Bailey   | Noticed a sixfirhy
  6330 | Bailey   | Noticed a soul eater
  6341 | Bailey   | Slain by a sixfirhy

Illustrated notes

Levels and vault maps discovered:
D:1:      lemuel_arrival_room, layout_loops_ring
D:2:      layout_loops_ring, uniq_natasha, uniq_robin, uniq_crazy_yiuf_cottage
D:3:      layout_rooms, chequers_temple_overflow_statue_of_worship,
          minmay_lizard_king
D:4:      layout_rooms, uniq_duvessa
D:5:      layout_layer_cave, serial_shops, nicolae_shop_crystal, uniq_ijyb
D:7:      layout_rooms, lemuel_temple_firewalk_b, enter_bailey_3
Bailey:   bailey_axe_of_yendor_kennysheep, bailey

Skill      XL: |  1  2  3  4  5  6  7  8  9 |
---------------+----------------------------+-----
Earth Magic    | 4 5 6 7 8 |  8.0
Conjurations   | 1 2 3 4 5 |  5.9
Spellcasting   | 3 4 5 |  5.7
Armour         | 2 3 |  3.0
Fighting       | 2 |  2.9
Dodging        | 2 3 |  3.0
Maces & Flails | 2 |  2.9
Evocations     | 1 2 |  2.4
Stealth        | |  2.1
Transmutations | |  0.7

Action                   |  1- 3 |  4- 6 |  7- 9 || total
-------------------------+-------+-------+-------++-------
Melee: Short sword       |    94 |   166 |    23 ||   283
       Unarmed           |     4 |       |       ||     4
       Flail             |       |       |   155 ||   155
 Cast: Sandblast         |    27 |    81 |   103 ||   211
       Lee's Rapid Decon |       |       |     3 ||     3
       Stone Arrow       |       |       |     4 ||     4
Evoke: Wand              |       |       |     2 ||     2
  Use: Scroll            |       |     9 |     6 ||    15
       Potion            |       |       |     2 ||     2
 Stab: Sleeping          |     6 |     2 |       ||     8
Armor: Robe              |    47 |   140 |   169 ||   356
Dodge: Dodged            |    79 |   237 |   194 ||   510

Table legend: (Time is in decaauts)
 A = Elapsed time spent in this place.
 B = Non-inter-level travel time spent in this place.
 C = Inter-level travel time spent in this place.
 D = Time resting spent in this place.
 E = Time spent auto-exploring this place.
 F = Levels seen in this place.
 G = Mean time per level.
                   A        B        C        D        E       F      G
               +--------+--------+--------+--------+--------+-----+--------+
         Total |   6438 |   6248 |    190 |   1886 |   2615 |   7 |  919.7 |
       Dungeon |   5893 |   5703 |    190 |   1576 |   2615 |   6 |  982.2 |
        Bailey |    544 |    544 |      0 |    310 |      0 |   1 |  544.0 |
               +--------+--------+--------+--------+--------+-----+--------+

Top non-repeatable levels by time:
     D:2: 1705 daAuts
     D:1: 1575 daAuts
     D:3: 1162 daAuts
     D:4: 752 daAuts
  Bailey: 544 daAuts
     D:5: 354 daAuts
     D:7: 343 daAuts
